[Event "44th Chess Olympiad Open 2022"]
[Site "Chennai"]
[Date "2022.08.03"]
[Round "6.73"]
[White "Mlawa, Hemed"]
[Black "Traore, Bakary"]
[Result "1/2-1/2"]
[WhiteElo "1896"]
[BlackElo "2181"]
[Annotator "TA"]
[PlyCount "164"]
[EventDate "2022.??.??"]
[TimeControl "60"]

1. d4 Nf6 2. c4 g6 3. Nc3 Bg7 4. e4 d6 5. f3 O-O 6. Be3 e5 7. d5 c6 8. Qd2 cxd5 9. cxd5 Na6 10. O-O-O {[%emt 0:00:50]
E88: King's Indian: Sämisch: 6...e5 7 d5 c6.} Nh5 (10... Nc5
$11 {remains equal.}) 11. g4 $16 Nf4 {[%emt 0:01:13] [#]} 12.
h4 $146 {[%emt 0:00:46] White is better.} ({Predecessor:} 12. Nge2 g5 13. h4 b5
14. hxg5 b4 15. Nb5 Bd7 16. Nxf4 Qa5 17. Kb1 exf4 18. Bd4 Bxb5 19. Qh2 f6 20.
Qxh7+ Kf7 21. gxf6 Rg8 22. Qh5+ {1-0 (22) Nokka,R-Loisa,A Jyvaskyla 1987})
12... h6 (12... Nc5 $142) 13. Nge2 (13. Bxf4
$6 exf4 14. Nge2 (14. Qxf4 b5 $11) 14... Bd7 $14) 13... Nxe2+ 14. Bxe2 Kh7 15. Kb1 {[%emt 0:24:42] White
is more active.} Bd7 16. f4 (16. Bb5 $18)
16... exf4 17. Bxf4 Qe7 18.
Bf3 Nc5 19. Qh2 Be5 20. Bxe5 Qxe5 21. Qxe5 dxe5 22. Be2 {[%emt 0:16:00] Against b5} (22.
b4 $14 {is more appropriate.} Na4 23. Nxa4 Bxa4 24. Rc1) 22... f5 23. gxf5 gxf5 24. exf5 Bxf5+ 25. Ka1 Ne4 26. Nxe4 Bxe4 27. Bd3 Rf4 28. Bxe4+ Rxe4 $11 {[%emt 0:00:03] Endgame KRR-KRR} 29.
d6 Rd8 30. Rd5 (30. d7 Rd4
$15) 30... Rd4 (30... Kg6 {looks sharper.} 31. d7 Kf5 32. Rd6
Rd4) 31. Rxe5 R8xd6 {[%emt 0:00:22] ( -> ...Rd1+)} 32. Kb1 Kg6 33. h5+ Kf6 34. Ree1 R6d5 35. Reg1 Rg5 {[%emt 0:00:45] Against Rg6+} 36. Rf1+ Ke6 37. Rf8 Rdd5 38. Re1+ Rde5 39. Re8+ Kf6 {[%emt 0:00:00] White must now
prevent ...Rxe1+.} 40. Rf1+ Rgf5 41. Rf8+ Ke6 42. R8xf5 Rxf5 {[%emt 0:
00:09] KR-KR} 43. Rh1 Kf6 44. a4 (44. b4 $11) 44... a5 (44... Kg5 $1 $17) 45. Rh3 b5 46. axb5 Rxb5 {[%emt 0:00:
13] With the idea ...Kg5.} 47. Kc2 (47. Ka2 $11) 47... Kg5 $17 48. b3 Kg4 49.
Rh1 (49. Rd3 $17) 49... Rxh5 $19 50. Ra1 Rc5+ 51. Kd3 h5 52. Ke2 Kg3 {[%emt 0:01:25] ...Re5+ is the strong threat.
} 53. Rg1+ (53. Ra3 $142 Kg2 54. Ke3) 53... Kf4 (53... Kh2 $19 54. Ra1 Kg2) 54. Ra1 (54. Rf1+ $17 Kg3 55.
Rg1+ Kh2 56. Ra1) 54... Rb5 (54... h4 $19 {and Black stays
clearly on top. Threatens to win with ...Rb5.} 55. Ra3 Rf5) 55. Kf2 $17 Ke4 (55... Rxb3 $6 56. Rxa5 Kg4 57. Ra1 $11)
56. Ke2 Kf4 {[%emt 0:00:15] Hoping for ...h4.} (56... Rxb3 $6
57. Rxa5 Rh3 58. Ra4+ Ke5 59. Kf2 $11) 57. Kf2 $1 Kf5 (57... Rxb3 $6 58. Rxa5 Kg4 59. Kg2 $11) 58. Ra4 Kg5 (58... Rxb3 $6 59. Rxa5+ Kg4 60. Kg2 $11) (58... Kf6
$17) 59. Kg2 (59. Kf1 $11) 59... Kf6 60. Kf2 Kf5 61. Rh4 Ke6 $1 (61... Rxb3 $6 62. Rxh5+ Kg4 63. Rxa5 $11) 62. Ke2 Kd6
$1 (62... Rxb3 $6 63. Rxh5 Rg3 64. Rxa5 $11) 63. Kd2 Kc6 (63... Rxb3 $6 64. Rxh5 Rg3 65. Rxa5 $11) 64. Kc2 Kd6 65. Kd2 Rd5+ (65... Rxb3 $6 66. Rxh5 a4 67. Ra5 $11) 66. Kc3 Rc5+ 67. Kd2 Rb5 {[%emt 0:00:15] Against b4} 68.
Kc2 Ke6 {[%emt 0:00:06] Strongly threatening ...Kf6.} 69. Kd2 Kf6 {[%emt 0:01:38] And now ...Kg5 would win.} (69... Rxb3 $6
70. Rxh5 Rg3 71. Rxa5 $11) 70. Ke2 Kg6 (70...
Rxb3 $6 71. Rxh5 Ke6 72. Rxa5 $11) (70... Ke7 $17) 71. Ra4 $11 Kf5 (71... Kf7 $11) 72. Kf2 $1 $17 Kg5 (72...
Rxb3 $6 73. Rxa5+ Kg4 74. Kg2 $11) ({Black should play} 72... Ke6 $17) 73. Kg2
{[%emt 0:00:30] [#]} (73. Rc4 $11 {keeps the balance.}) 73... Kg6 $1 74. Kf2 {[%emt 0:00:26] [#]} Kf5 (74... Kf6 $1 $17)
75. Rh4 $1 $11 Ke6 ({Black should try} 75...
Kg5 $11 76. Ra4 Kf6) 76. Ke2 $1 $17 Rd5 (
76... Rxb3 $6 77. Rxh5 Kd6 78. Rxa5 $11) (76... Kf6 $17) 77. Ra4 (77. b4 $1 $11) 77... Rb5 78. Rh4 $1 Kd6 ({Reject} 78... Rxb3 $6 79. Rxh5 a4 80. Ra5 $11) 79. Kd2 Kc6 ({Of course not} 79... Rxb3 $6 80. Rxh5
Rf3 81. Rxa5 $11) (79... Rf5 $17) 80. Kc3 (80. Kc2 $1 $11)
80... Kd7 81. Kd2 Ke6 82.
Ke2 $1 Ke5 $2 {[%emt 0:05:44] What a bad dream for Black.
Weighted Error Value: White=0.27 (precise) /Black=0.26 (precise) . An
unexpected result.} ({Don't play} 82... Rxb3 $6 83. Rxh5 Rg3 84. Rxa5 $11) (
82... Kf6 $17) 1/2-1/2

[Event "44th Chess Olympiad Open 2022"]
[Site "Chennai"]
[Date "2022.08.03"]
[Round "6.73"]
[White "Mdoe, Yusuf"]
[Black "Maiga, Baba Moulaye Abdall"]
[Result "1-0"]
[WhiteElo "1722"]
[BlackElo "1822"]
[Annotator "NA RC"]
[PlyCount "125"]
[EventDate "2022.??.??"]
[TimeControl "60"]

1. c4 e5 2. Nc3 Nf6 3. g3 Bb4 4. Bg2 c6 5. Qc2 d6 6. a3 Ba5 7. Nf3 g6 8. b4 Bb6 9. Bb2 Ng4 10. O-O O-O 11. h3 Nf6 12. e4 Nh5 13.
c5 Bc7 14. cxd6 Qxd6 15. Ne2 Qe7 16. d4 f6 17. d5 Bb6 18.
Qc4 Kh8 19. Rad1 cxd5 20. exd5 Qd6 21. Rfe1 Nd7 22. Nd2 f5 23. Nb3 Kg8 24. Rc1 Bd8 25. Nc3 a6 26. Nc5 Nb6 27. Qb3 Bf6 28.
N3a4 Nxa4 29. Qxa4 b5 30. Qb3 Ra7 31. Re2 Re8 32. Nd3 Bd7 33.
Nc5 Rc7 34. Rd1 Bc8 35. Ne6 Rce7 36. Rc2 Bb7 37. g4 fxg4 38. hxg4 Rxe6 39. gxh5 R6e7 40. Rc6 Qd7 41. Rxf6 Kg7 42. Rf3 Rd8 43. Rg3 Qf5 44. hxg6 hxg6 45. Qe3 Rf8 46. Be4 Qh5 47. Rxg6+ Kf7 48. Rd3 Ke8 49. Rg5 Qh4 50. Bxe5 Kd7 51. Bg2 Ke8 52. Rd4 Qh7 53. Qg3 Qb1+ 54. Kh2 Rh7+ 55. Rh4 Rff7 56. Bd4 Rxh4+ 57. Qxh4 Rh7 58. Rh5 Rxh5 59. Qxh5+ Kd8 60. Bf6+ Kc7 61.
Qf7+ Kb8 62. Qf8+ Bc8 63. Be5+ 1-0

[Event "44th Chess Olympiad Open 2022"]
[Site "Chennai"]
[Date "2022.08.03"]
[Round "6.73"]
[White "Diarra, Sirike"]
[Black "Njau, Albert"]
[Result "1-0"]
[WhiteElo "1641"]
[BlackElo "1842"]
[Annotator "NA RC"]
[PlyCount "57"]
[EventDate "2022.??.??"]
[TimeControl "60"]

1. e4 e5 2. f4 Nf6 3. Nc3 d5 4. fxe5 Nxe4 5. Nf3 Bc5 6. d4 Bb4 7. Bd2 Nxd2 8. Qxd2 Bf5 9. Bd3 Qd7 10. O-O O-O 11. a3 Bxd3 12. Qxd3 Be7 13. Rae1 Nc6 14. Ne2 Rae8 15. Ng3 g6 16. Qd2 Kg7 17. h3 Nd8 18.
Nh2 Ne6 19. Ng4 Bg5 20. Qf2 Rc8 21. Nf6 Qd8 22. h4 Bh6 23.
Nf5+ Kh8 24. Nxh6 c5 25. c3 cxd4 26. cxd4 Rc4 27. Rd1 b5 28. Rd2 Kg7 29. Qe3 1-0

[Event "44th Chess Olympiad Open 2022"]
[Site "Chennai"]
[Date "2022.08.03"]
[Round "6.74"]
[White "Mohamed Abderrahim, Taleb Mohamed"]
[Black "Adeshole Beckley, Brian"]
[Result "1/2-1/2"]
[WhiteElo "2084"]
[BlackElo "1590"]
[Annotator "NA RC"]
[PlyCount "102"]
[EventDate "2022.??.??"]
[TimeControl "60"]

1. e4 e6 2. d4 d5 3. Nd2 Nf6 4. Bd3 c5 5. dxc5 Bxc5 6. Qe2 O-O 7. Ngf3 dxe4 8. Nxe4 Nxe4 9. Qxe4 f5 10. Qe2 Nc6 11. O-O Nd4 12. Nxd4 Bxd4 13. c3 Bf6 14. Bc4 Kh8 15. Bf4 Qe7 16. Rad1 e5 17. Rfe1 Qc7 18. Bb3 exf4 19. Qe8 Bd7 20. Qxd7 Qxd7 21. Rxd7 Rfe8 22. Rxe8+ Rxe8 23. Kf1 h6 24. Rxb7 Re7 25. Rb8+ Kh7 26. Bg8+ Kg6 27. c4 f3 28. gxf3 Be5 29. Rb5 Bxh2 30. b4 h5 31. Kg2 Bf4 32. c5 Kf6 33.
c6 g5 34. Rb7 Rxb7 35. cxb7 Bd6 36. a4 Ke5 37. Bf7 h4 38. Kh3 Kf4 39. Bd5 Ke5 40. Bc6 Kd4 41. Bd7 Ke5 42. b5 Kf4 43. Bc6 Ke5 44. a5 Bb8 45.
a6 Kf4 46. Bd5 Ke5 47. Bc6 Kf4 48. Bd5 Ke5 49. Bc6 Kf4 50. Bd5 Ke5 51. Bc6 Kf4 1/2-1/2

[Event "44th Chess Olympiad Open 2022"]
[Site "Chennai"]
[Date "2022.08.03"]
[Round "6.74"]
[White "Cheikhna, Mohamed Lemine"]
[Black "Winston Gerald, Mansfield Thomas"]
[Result "0-1"]
[WhiteElo "1899"]
[BlackElo "1832"]
[Annotator "NA RC"]
[PlyCount "84"]
[EventDate "2022.??.??"]
[TimeControl "60"]

1. e4 d6 2. d4 Nf6 3. Nc3 c6 4. f4 Qa5 5. Bd3 Nbd7 6. Nf3 e5 7. O-O Be7 8. Bd2 Qc7 9. Ne2 exd4 10. Nexd4 Nc5 11. e5 dxe5 12. fxe5 Nd5 13. Qe2 Nxd3 14. Qxd3 O-O 15. Rae1 Qb6 16. Kh1 Qxb2 17. e6 fxe6 18. Nxe6 Bxe6 19. Rxe6 Bf6 20. c4 Nc7 21. Re2 Rad8 22. Qf5 Bc3 23. Qg4 Bxd2 24. Nxd2 Qxd2 25. Rfe1 Qf4 26. Qxf4 Rxf4 27. g3 Rf7 28. Kg2 h6 29. h3 Na6 30. h4 Nc5 31. Kh2 Rdf8 32. Kg2 a5 33. Rd1 a4 34. Re5 Rf2+ 35.
Kh3 b6 36. Kg4 Rc2 37. Rd4 Rxa2 38. Rd6 Rc2 39. Rxc6 Rxc4+ 40. Kh5 a3 41. Re7 a2 42. Rcc7 a1=Q 0-1

[Event "44th Chess Olympiad Open 2022"]
[Site "Chennai"]
[Date "2022.08.03"]
[Round "6.74"]
[White "Lwebuga, Ronald"]
[Black "Boidiya, Sidi"]
[Result "0-1"]
[WhiteElo "1818"]
[BlackElo "1997"]
[Annotator "NA RC"]
[PlyCount "94"]
[EventDate "2022.??.??"]
[TimeControl "60"]

1. Nf3 d5 2. d4 Nf6 3. c4 c6 4. cxd5 cxd5 5. Nc3 e6 6. g3 Be7 7. Bg2 O-O 8. O-O a6 9. a3 Nc6 10. Re1 Bd7 11. Bg5 Qb6 12. Na4 Qb5 13.
b3 Na5 14. Nc5 Bxc5 15. dxc5 Qxb3 16. Bxf6 Qxd1 17. Rexd1 gxf6 18. e4 Ba4 19. exd5 Bxd1 20. Rxd1 exd5 21. Rxd5 Rad8 22. Rf5 Rd1+ 23. Bf1 Kg7 24. Kg2 Rfd8 25. a4 Nb3 26. c6 bxc6 27. Bxa6 Ra1 28. Bb7 c5 29. Rf4 Nd4 30. Rg4+ Kf8 31. Nd2 Rxa4 32. Nb3 Rb4 33. Nxd4 Rdxd4 34. Rxd4 Rxd4 35. Kf3 c4 36. Ke3 Rd6 37. Be4 h6 38. f4 c3 39. Bd3 Ke7 40. g4 Kd7 41. h4 Kc6 42. g5 fxg5 43.
fxg5 hxg5 44. h5 Kc5 45. Bc2 Kc4 46. Ke4 Rd2 47. Bb1 Rh2 0-1

[Event "44th Chess Olympiad Open 2022"]
[Site "Chennai"]
[Date "2022.08.03"]
[Round "6.75"]
[White "Adu-Poku, Kwabena"]
[Black "Hlophe, Smilo"]
[Result "1-0"]
[WhiteElo "1974"]
[BlackElo "1731"]
[Annotator "NA RC"]
[PlyCount "101"]
[EventDate "2022.??.??"]
[TimeControl "60"]

1. d4 d5 2. c4 c6 3. Nc3 Nf6 4. e3 Bf5 5. cxd5 Nxd5 6. Nf3 e6 7. Bd3 Bxd3 8. Qxd3 Be7 9. O-O O-O 10. a3 Nd7 11. e4 Nxc3 12. bxc3 Qa5 13. Bf4 Rfd8 14. Rfb1 b6 15. a4 Bf6 16. Nd2 Qh5 17. a5 e5 18.
Be3 exd4 19. cxd4 Ne5 20. Qc2 Ng4 21. Nf3 c5 22. h3 Nxe3 23.
fxe3 Rac8 24. Qd2 h6 25. axb6 axb6 26. Ra4 Rc6 27. Qe2 Re8 28. Qb5 Rcc8 29. e5 Bg5 30. Re1 Qg6 31. Ra6 Rb8 32. d5 Rec8 33. d6 Bd8 34. Rc1 Qe6 35. Rca1 f6 36. Ra7 fxe5 37. Qd7 Qxd7 38. Rxd7 Bf6 39. Raa7 c4 40. Rdc7 Rd8 41. d7 b5 42. Ne1 Kf7 43. Nc2 Ke6 44. Nb4 c3 45. Rc6+ Ke7 46. Rxc3 Kd6 47. Rc6+ Ke7 48. Rca6 Kf7 49. Nc6 b4 50. Nxb8 b3 51. Rb7 1-0

[Event "44th Chess Olympiad Open 2022"]
[Site "Chennai"]
[Date "2022.08.03"]
[Round "6.75"]
[White "Fomevor, Cephas Clinton"]
[Black "Nxumalo, Vuyo"]
[Result "1/2-1/2"]
[WhiteElo "1830"]
[BlackElo "1493"]
[Annotator "NA RC"]
[PlyCount "94"]
[EventDate "2022.??.??"]
[TimeControl "60"]

1. d4 d5 2. Nf3 c5 3. c4 Nc6 4. Nc3 cxd4 5. Nxd4 dxc4 6. Nxc6 Qxd1+ 7. Nxd1 bxc6 8. Bf4 f6 9. Rc1 e5 10. Bd2 Be6 11. e3 a5 12. Bxc4 Bd5 13.
f3 Bb4 14. e4 Bxd2+ 15. Kxd2 Bxc4 16. Rxc4 Ne7 17. Ne3 Kd7 18. Rd1 Rhd8 19. Ke2+ Kc7 20. Rdc1 Rd6 21. Ra4 Rd4 22. Rxd4 exd4 23. Nd5+ Nxd5 24. exd5 Re8+ 25. Kd3 Re3+ 26.
Kd2 Re5 27. dxc6 Rg5 28. g4 h5 29. h3 hxg4 30. fxg4 Re5 31.
Kd3 Re3+ 32. Kxd4 Rxh3 33. Kc5 Rh2 34. b3 Rxa2 35. Rd1 Rc2+ 36. Kb5 Rxc6 37. Kxa5 Rc3 38. Kb4 Rg3 39. Rd4 Kc6 40. Kc4 Rg1 41.
b4 Rc1+ 42. Kd3 Rd1+ 43. Ke3 Rxd4 44. Kxd4 Kb5 45. Kd5 g6 46. Ke6 f5 47. gxf5 gxf5 1/2-1/2

[Event "44th Chess Olympiad Open 2022"]
[Site "Chennai"]
[Date "2022.08.03"]
[Round "6.75"]
[White "Mbongeni, Mabuza"]
[Black "Hasford, John Kojo"]
[Result "0-1"]
[WhiteElo "1669"]
[BlackElo "1976"]
[Annotator "NA RC"]
[PlyCount "78"]
[EventDate "2022.??.??"]
[TimeControl "60"]

1. d4 d6 2. e4 g6 3. g3 Bg7 4. Bg2 Nc6 5. Be3 Nf6 6. h3 O-O 7. Ne2 e5 8.
Nbc3 a6 9. O-O Bd7 10. Qd2 exd4 11. Nxd4 Re8 12. Rfe1 Rb8 13. a4 Nxd4 14. Bxd4 Bc6 15. Rad1 Qd7 16. b3 Rbd8 17. f4 Qc8 18. Qf2 Bd7 19. Kh2 h5 20. e5 dxe5 21. fxe5 Nh7 22. Ne4 Bc6 23. Nf6+ Bxf6 24. Bxc6 bxc6 25. exf6 Rxe1 26. Rxe1 Ng5 27. g4 Nxh3 28. Qe3 Qxg4 29. Qh6 Qf4+ 30. Qxf4 Nxf4 31. c3 Ne6 32. Be5 Kh7 33. b4 g5 34. c4 Kg6 35. b5 cxb5 36. cxb5 axb5 37. axb5 Rd5 38. Bxc7 Nxc7 39. b6 Na6 0-1

[Event "44th Chess Olympiad Open 2022"]
[Site "Chennai"]
[Date "2022.08.03"]
[Round "6.75"]
[White "Dlamini Simphiwe"]
[Black "Anhwere, Bernard"]
[Result "0-1"]
[WhiteElo "1569"]
[BlackElo "1890"]
[Annotator "NA RC"]
[PlyCount "67"]
[EventDate "2022.??.??"]
[TimeControl "60"]

1. e4 c5 2. Nf3 d6 3. d4 cxd4 4. Nxd4 Nf6 5. Nc3 a6 6. f3 e5 7. Nb3 Be7 8. Be3 Be6 9. Qd2 Nbd7 10. g4 Rc8 11. g5 Nh5 12. Be2 Qc7 13.
f4 Nxf4 14. Bxf4 exf4 15. Qxf4 b5 16. Nd5 Bxd5 17. exd5 O-O 18. Nd4 Ne5 19. c3 Qc5 20. Nf5 Rfe8 21. O-O-O Ng6 22. Nxe7+ Rxe7 23. Qd2 a5 24. h4 b4 25. Rh3 Rxe2 26. Qxe2 Nf4 27. Qf3 Nxh3 28. Rf1 Nxg5 29. hxg5 Rf8 30. Rh1 bxc3 31. Qh3 cxb2+ 32. Kb1 h6 33. Qg2 Rc8 34. gxh6 0-1

[Event "44th Chess Olympiad Open 2022"]
[Site "Chennai"]
[Date "2022.08.03"]
[Round "6.76"]
[White "Nevska, Gerda"]
[Black "Prudente, Elmer"]
[Result "0-1"]
[WhiteElo "1840"]
[BlackElo "1995"]
[Annotator "NA"]
[PlyCount "56"]
[EventDate "2022.??.??"]
[TimeControl "60"]

1. d4 Nf6 2. Nc3 d5 3. Bf4 e6 4. e3 Bb4 5. Bd3 c5 6. a3 Bxc3+ 7. bxc3 Qa5 8. Nf3 Qxc3+ 9. Kf1 c4 10. Be2 Ne4 11. Ng5 Nxg5 12. Bxg5 h6 13. Bf4 Bd7 14. Be5 Rg8 15. Bd6 Ba4 16. Ra2 Nc6 17. g4 O-O-O 18. Bg3 f6 19. Qb1 e5 20. g5 hxg5 21. Bg4+ Kc7 22. Rb2 b6 23. Kg2 g6 24. dxe5 Nxe5 25. Rd1 f5 26. Bf3 f4 27. Bxd5 Rxd5 28. Rxd5 Bc6 0-1

[Event "44th Chess Olympiad Open 2022"]
[Site "Chennai"]
[Date "2022.08.03"]
[Round "6.76"]
[White "Soriano, Rudolph P."]
[Black "Brookfield, Toby"]
[Result "1-0"]
[WhiteElo "1824"]
[BlackElo "1815"]
[Annotator "NA RC"]
[PlyCount "75"]
[EventDate "2022.??.??"]
[TimeControl "60"]

1. Nf3 g6 2. c4 Bg7 3. Nc3 Nf6 4. g3 d5 5. d4 c6 6. Bg2 O-O 7. O-O dxc4 8. Ne5 Nbd7 9. Nxc4 Nb6 10. Na5 Nbd5 11. Nb3 Nxc3 12. bxc3 Nd7 13. e4 e5 14. Ba3 Re8 15. Rb1 Nb6 16. Bc1 f5 17. f3 Qc7 18. Be3 Nc4 19. Bf2 Nd6 20. Re1 Kh8 21. Qc2 b6 22. Rbd1 f4 23.
g4 Nf7 24. dxe5 Nxe5 25. Nd4 Bd7 26. h3 Rad8 27. Bh4 Rb8 28.
Qb3 Qc8 29. Bg5 h5 30. Kf2 hxg4 31. hxg4 Bxg4 32. fxg4 Nxg4+ 33.
Ke2 Bxd4 34. Rxd4 Qf5 35. Bd8 Nh2 36. Kd2 Qg4 37. Bf6+ Kh7 38.
Qf7+ 1-0

[Event "44th Chess Olympiad Open 2022"]
[Site "Chennai"]
[Date "2022.08.03"]
[Round "6.76"]
[White "Morgan, Jamie"]
[Black "Estur, Gavino Aguilar"]
[Result "1/2-1/2"]
[WhiteElo "1753"]
[BlackElo "1598"]
[Annotator "NA RC"]
[PlyCount "71"]
[EventDate "2022.??.??"]
[TimeControl "60"]

1. e4 e5 2. Bc4 Nc6 3. d3 Nf6 4. Nf3 h6 5. O-O Bc5 6. Nc3 d6 7. h3 a6 8. Be3 Bxe3 9. fxe3 Na5 10. Bb3 Nxb3 11. axb3 O-O 12. d4 Qe7 13. Nd5 Nxd5 14. exd5 e4 15. Nd2 Qg5 16. Rf4 Bxh3 17. Qe2 Bd7 18. Nxe4 Qxd5 19. c4 Qe6 20. Raf1 Rae8 21. Qf2 f5 22. g4 g6 23. Kh1 Qe7 24. gxf5 Bxf5 25. Ng3 Qxe3 26. Nxf5 Qxf2 27. Nxh6+ Kg7 28. R4xf2 Rxf2 29. Rxf2 Kxh6 30. Rf7 Rc8 31.
Kg2 g5 32. Kg3 Kg6 33. Re7 Kf6 34. Rd7 Kf5 35. Re7 Kf6 36. Rd7 1/2-1/2

[Event "44th Chess Olympiad Open 2022"]
[Site "Chennai"]
[Date "2022.08.03"]
[Round "6.77"]
[White "Smith, Michael A"]
[Black "Hussain, Hashem"]
[Result "1/2-1/2"]
[WhiteElo "1840"]
[BlackElo "1757"]
[Annotator "NA RC"]
[PlyCount "120"]
[EventDate "2022.??.??"]
[TimeControl "60"]

1. d4 Nf6 2. Nf3 g6 3. g3 Bg7 4. Bg2 O-O 5. O-O d6 6. c4 Nbd7 7. Nc3 c5 8. Bf4 cxd4 9. Nb5 e5 10. Bg5 h6 11. Bd2 Nb6 12. Qc1 a6 13.
Na3 Kh7 14. e3 dxe3 15. Bxe3 Be6 16. h3 Rc8 17. b3 Nbd5 18.
Nc2 Nxe3 19. Nxe3 Qd7 20. Kh2 Nh5 21. Rb1 d5 22. Rd1 d4 23.
Qa3 e4 24. Nxd4 Bxd4 25. Nc2 Qe8 26. Rxd4 f5 27. Rbd1 Qf7 28. R1d2 Rfe8 29. Qa4 Nf6 30. Ne3 Re7 31. Qa5 Rd7 32. Rxd7 Nxd7 33. Nd5 Rc5 34. Qd8 Bxd5 35. Rxd5 Rxd5 36. cxd5 Qxd5 37. Qc7 Qc6 38. Qxc6 bxc6 39. Bf1 a5 40. Be2 Kg7 41. Kg2 Kf6 42. f3 e3 43. f4 Ke6 44. Bc4+ Kd6 45. Kf3 Nf6 46. Kxe3 Nd7 47. a3 Kc5 48. Bf7 Nf8 49. Kd3 g5 50. fxg5 hxg5 51. h4 gxh4 52. gxh4 Nd7 53. Ke3 Kd6 54. Kf4 Ke7 55. Bg6 Nc5 56. Bxf5 Nxb3 57. h5 Kf6 58. h6 Nd4 59. Bd3 Nb5 60. a4 Nc3 1/2-1/2

[Event "44th Chess Olympiad Open 2022"]
[Site "Chennai"]
[Date "2022.08.03"]
[Round "6.77"]
[White "Alhejab, Meshal"]
[Black "Conhoff, David"]
[Result "1-0"]
[WhiteElo "1732"]
[BlackElo "1460"]
[Annotator "NA RC"]
[PlyCount "61"]
[EventDate "2022.??.??"]
[TimeControl "60"]

1. e4 e5 2. Nf3 Nc6 3. Bb5 a6 4. Ba4 Nf6 5. O-O b5 6. Bb3 h6 7. a4 Bb7 8. c3 d5 9. exd5 Nxd5 10. Re1 e4 11. Rxe4+ Be7 12. axb5 axb5 13. Rxa8 Bxa8 14. Na3 b4 15. Nb5 Nf6 16. Re1 O-O 17. d4 Na5 18. Bc2 c6 19. cxb4 Bxb4 20. Nc3 Nd5 21. Ne5 Re8 22. Qh5 Qf6 23. Ne4 Qe7 24. Re2 Nf6 25. Nxf6+ Qxf6 26. Ng4 Qd8 27. Nxh6+ gxh6 28. Qg4+ Kh8 29. Qf5 Kg7 30. Qh7+ Kf6 31. Qxh6# 1-0

[Event "44th Chess Olympiad Open 2022"]
[Site "Chennai"]
[Date "2022.08.03"]
[Round "6.77"]
[White "Bansal, Nayan"]
[Black "Al Ibrahim, Abdulrahman"]
[Result "0-1"]
[WhiteElo "1444"]
[BlackElo "1822"]
[Annotator "NA RC"]
[PlyCount "50"]
[EventDate "2022.??.??"]
[TimeControl "60"]

1. e4 e6 2. d4 d5 3. exd5 exd5 4. Nf3 Nf6 5. c4 Bb4+ 6. Bd2 Bxd2+ 7. Nbxd2 O-O 8. Be2 dxc4 9. Nxc4 Nc6 10. O-O Be6 11. Nce5 Qd6 12. Nxc6 Qxc6 13. Ne5 Qb6 14. b3 Rad8 15. Bc4 Rxd4 16. Qc2 Rfd8 17. Bxe6 Qxe6 18. Rfe1 Qd6 19. Nc4 Qc6 20. a4 h6 21. h3 Nd5 22. Red1 Nf4 23. f3 Qc5 24. Rxd4 Qxd4+ 25. Kh1 Qxa1+ 0-1

[Event "44th Chess Olympiad Open 2022"]
[Site "Chennai"]
[Date "2022.08.03"]
[Round "6.78"]
[White "Tchouka, Yakini"]
[Black "Thomas, Larry"]
[Result "1-0"]
[WhiteElo "1934"]
[BlackElo "1317"]
[Annotator "NA RC"]
[PlyCount "158"]
[EventDate "2022.??.??"]
[TimeControl "60"]

1. e4 c6 2. d4 d5 3. exd5 cxd5 4. c4 Nf6 5. Nc3 Nc6 6. cxd5 Nxd5 7. Bc4 e6 8. Nf3 Be7 9. O-O O-O 10. a3 Nxc3 11. bxc3 Qc7 12. Qe2 Bf6 13. Bg5 Bxg5 14. Nxg5 h6 15. Nf3 b6 16. Bd3 Bb7 17. Rac1 Rad8 18. Bb1 Rfe8 19. Qc2 g6 20. h4 h5 21. Rfe1 Qe7 22. Ng5 Qf6 23. f3 Ne7 24. Qf2 Rd7 25. Bd3 Red8 26. Be4 Bd5 27. Bxd5 Nxd5 28. a4 Rc7 29. c4 Ne7 30. Red1 Rcd7 31. Ne4 Qg7 32. c5 bxc5 33. Rxc5 Nf5 34. d5 exd5 35. Ng3 Nxg3 36. Qxg3 d4 37. Rd3 Kh7 38. Rc7 Qf6 39. Rxd7 Rxd7 40. Qg5 Qxg5 41. hxg5 Kg7 42. Kf2 f5 43. f4 Kf7 44. Rb3 Ke6 45. Rb5 Rd5 46. Rb7 Rd7 47. Rb5 d3 48. Ke1 Rd4 49. Rb7 Rxa4 50. g3 Kd5 51. Kd2 Ke4 52. Re7+ Kd4 53. Rd7+ Kc5 54. Rc7+ Kd5 55. Rd7+ Ke4 56. Re7+ Kf3 57. Re3+ Kg4 58. Rxd3 Ra2+ 59. Ke1 Rg2 60. Rd6 Kxg3 61. Rxg6 Kxf4 62. Rg7 Rxg5 63. Rxa7 h4 64. Kf2 Kg4 65. Kg2 f4 66. Ra4 h3+ 67. Kh2 Re5 68. Ra2 Re3 69. Rf2 Kf5 70. Ra2 Ke5 71. Ra5+ Ke4 72. Rh5 Kd3 73. Kg1 Ke2 74. Ra5 f3 75. Ra2+ Kd1 76. Ra1+ Kc2 77. Kf2 Rd3 78. Kg3 Kb2 79. Rf1 h2 1-0

[Event "44th Chess Olympiad Open 2022"]
[Site "Chennai"]
[Date "2022.08.03"]
[Round "6.78"]
[White "Amega-Dzaka, Komi Nukunu"]
[Black "Bridet, Robert"]
[Result "1/2-1/2"]
[WhiteElo "1639"]
[BlackElo "1497"]
[Annotator "NA RC"]
[PlyCount "72"]
[EventDate "2022.??.??"]
[TimeControl "60"]

1. d4 Nf6 2. Nf3 d5 3. Bf4 Nc6 4. e3 e6 5. c3 Bd6 6. Bg5 h6 7. Bh4 g5 8. Bg3 Ne4 9. Bxd6 Nxd6 10. Nbd2 b6 11. Bd3 Ne7 12. Ne5 Bb7 13.
Qh5 a6 14. Ndf3 Nef5 15. Bxf5 exf5 16. Nd2 Qe7 17. O-O-O O-O-O 18. Qe2 Qe8 19. Rhe1 f6 20. Nd3 Qa4 21. Kb1 Ne4 22. Nxe4 fxe4 23. Nc1 Bc6 24. Nb3 Bb5 25. Qg4+ Kb8 26. Qe6 Bc4 27. Nc1 Rd6 28. Qf7 a5 29. b3 Qb5 30. a4 Qa6 31. bxc4 Qxc4 32. Kc2 Rc6 33. Ne2 Qa2+ 34. Kc1 Qa1+ 35.
Kc2 Qa2+ 36. Kc1 Qa1+ 1/2-1/2

[Event "44th Chess Olympiad Open 2022"]
[Site "Chennai"]
[Date "2022.08.03"]
[Round "6.80"]
[White "Chinasamy, Devarajen"]
[Black "Klaas Tokelo"]
[Result "1/2-1/2"]
[WhiteElo "1970"]
[BlackElo "1812"]
[Annotator "NA RC"]
[PlyCount "62"]
[EventDate "2022.??.??"]
[TimeControl "60"]

1. d4 Nf6 2. Nc3 d5 3. Bf4 a6 4. e3 e6 5. g4 Nfd7 6. g5 c5 7. h4 Qb6 8. Na4 Qa5+ 9. Nc3 Nc6 10. a3 cxd4 11. exd4 Qb6 12. Nf3 Be7 13. Na4 Qd8 14. Qd2 b5 15. Nc3 Qb6 16. Bg2 Bb7 17. h5 O-O-O 18. Ne2 Rde8 19. Nc3 Bd8 20. O-O-O Bc7 21. Bxc7 Qxc7 22. Kb1 Kb8 23. Ne2 f6 24. Nf4 Nb6 25. b3 e5 26. dxe5 fxe5 27. Nxd5 Nxd5 28. Qxd5 Nd4 29. Rxd4 Bxd5 30. Rxd5 e4 31. Nd4 Rhf8 1/2-1/2

[Event "44th Chess Olympiad Open 2022"]
[Site "Chennai"]
[Date "2022.08.03"]
[Round "6.80"]
[White "Khalema, Sechaba"]
[Black "Marie, Patrick"]
[Result "1-0"]
[WhiteElo "1790"]
[BlackElo "1921"]
[Annotator "NA RC"]
[PlyCount "56"]
[EventDate "2022.??.??"]
[TimeControl "60"]

1. d4 Nf6 2. c4 g6 3. Nc3 Bg7 4. e4 d6 5. g3 O-O 6. Bg2 e5 7. Nge2 Nc6 8.
O-O Bd7 9. f3 Qc8 10. Re1 exd4 11. Nxd4 Nxd4 12. Qxd4 Ng4 13. Qd2 Ne5 14. b3 Be6 15. Bb2 Qd8 16. Rad1 a5 17. Qc2 Qe7 18. h3 Bxh3 19. f4 Bxg2 20.
fxe5 Bxe5 21. Kxg2 Qg5 22. Rd3 c6 23. Bc1 Qg4 24. Qe2 Qxe2+ 25. Rxe2 f5 26. Na4 fxe4 27. Ree3 exd3 28. Rxd3 Rf7 1-0

[Event "44th Chess Olympiad Open 2022"]
[Site "Chennai"]
[Date "2022.08.03"]
[Round "6.80"]
[White "Tsephe, Lebajoa"]
[Black "Goorsahye, Antoine"]
[Result "1-0"]
[WhiteElo "1712"]
[BlackElo "1783"]
[Annotator "NA RC"]
[PlyCount "79"]
[EventDate "2022.??.??"]
[TimeControl "60"]

1. Nf3 d5 2. g3 g6 3. Bg2 Bg7 4. O-O e5 5. d3 Ne7 6. c3 O-O 7. Nbd2 Nbc6 8. e4 h6 9. exd5 Nxd5 10. a4 a5 11. Nc4 Bf5 12. Re1 Re8 13. Nh4 Be6 14. Nf3 Bf5 15.
Nh4 Be6 16. Qc2 g5 17. Nf3 Bf5 18. Nfd2 Nb6 19. Ne4 Nxc4 20. dxc4 Qe7 21. Be3 Rad8 22. Qb3 Bc8 23. Nc5 Nd4 24. Bxd4 Qf6 25. Be3 b6 26. Ne4 Qg6 27. c5 Be6 28. c4 f5 29. Nc3 f4 30. Bc1 Rd4 31. Nd5 bxc5 32.
Qb5 Qf7 33. Nxc7 Bd7 34. Qxa5 f3 35. Nxe8 fxg2 36. Nxg7 Kxg7 37. Qxc5 Rxc4 38. Qxe5+ Kg8 39. Be3 Rc2 40. Bd4 1-0